Match 33539045
Unlisted

Match 33539045
End
Construct Barracks
Riflemen Squad
Riflemen Squad
M1 Mortar Team
Riflemen Squad
Grenade Package
Mechanized Support Center
Construct Weapon Support Center
M1918 Browning Automatic Rifles
M3 Armored Personnel Carrier
Selects Armored Battlegroup
Selects Veteran Crews
Selects Fast Deploy
M3 Armored Personnel Carrier
Selects M8 Scott SPG
M8 Scott SPG
Construct Motor Pool
Riflemen Squad
Engineer Squad
M1 Anti-tank Gun Team
Designate Forward Repair Station
Construct Tank Depot
Selects UNKNOWN (2160077)
Selects M31 Recovery Vehicle
Selects War Machine
M4A3E8 Sherman Easy Eight
M4A3E8 Sherman Easy Eight
M4A3E8 Sherman Easy Eight
M3 Armored Personnel Carrier
M4A3E8 Sherman Easy Eight
M3 Armored Personnel Carrier
M31 Recovery Vehicle
Riflemen Squad
Engineer Squad
Seppun
N-JoyY
Bruistablet
Professor gibberish
Sir CrashXII
Anriad
⎛⎝AmosVII⎠⎞🐾
Čaroděj Dobroděj
0
0

Comments sign in to comment!

No comments posted yet!